 Dungeon Crawl Stone Soup version 0.32-a0-893-gf85d74f360 (webtiles) character file.

Game seed: 17710875677486356316

241 pokedragonboy the Trooper (level 6, -5/49 HPs)
             Began as a Formicid Fighter on Apr 3, 2024.
             Incinerated by a bombardier beetle (7 damage)
             ... with a burning spray
             ... on level 4 of the Dungeon.
             The game lasted 00:04:34 (2838 turns).

pokedragonboy the Trooper (Formicid Fighter)        Turns: 2838, Time: 00:04:34

Health: -5/49      AC:  8    Str: 22    XL:     6   Next: 30%
Magic:  6/8        EV:  8    Int:  8    God:
Gold:   134        SH:  4    Dex: 13    Spells: 5/5 levels left

rFire   . . .        a - +0 war axe
rCold   . . .        c - +0 buckler
rNeg    . . .        b - +0 scale mail
rPois   .            (helmet unavailable)
rElec   .            (no cloak)
rCorr   .            (no gloves)
SInv    +            j - +0 pair of boots
Will    +....        (no amulet) Stlth
                     g - ring of willpower
HPRegen 0.28/turn    (no ring)
MPRegen 0.11/turn

%: no passive effects
@: on fire, glowing
A: permanent stasis, dig shafts and tunnels, antennae 3, four strong arms
a: Dig, Shaft Self


You were on level 4 of the Dungeon.
You visited 1 branch of the dungeon, and saw 4 of its levels.

You collected 134 gold pieces.

Inventory:

Hand Weapons
 a - a +0 war axe (weapon)
Armour
 b - a +0 scale mail (worn)
 c - a +0 buckler (worn)
 j - a +0 pair of boots (worn)
Jewellery
 g - a ring of willpower (left hand)
Wands
 l - a wand of flame (12)
Scrolls
 i - a scroll of fog {unknown}
Potions
 d - 2 potions of might
 e - 4 potions of curing
 f - a potion of heal wounds {unknown}
 h - 2 potions of brilliance
 k - a potion of attraction {unknown}


   Skills:
 + Level 4.4 Fighting
 * Level 4.1 Axes
 + Level 4.3 Armour
 - Level 4.0 Shields
 + Level 2.7 Invocations


You had 5 spell levels left.
You didn't know any spells.
Your spell library contained the following spells:

 Spells                   Type           Power      Damage    Failure   Level
 Tukima's Dance           Hex            0%         N/A       99%         3
 Dimensional Bullseye     Hex/Tloc       0%         N/A       100%        4
 Iskenderun's Mystic Bla Conj/Tloc 0%             2d3        (+2d1     100%        4


Dungeon Overview and Level Annotations

Branches:
Dungeon (4/15)
 Temple: D:4-7

Altars:
Makhleb
Yredelemnul

Shops:
D:2 (

Annotations:
D:4 1 runed translucent door, DeathSocks's ghost, novice VSDe


Innate Abilities, Weirdness & Mutations

You cannot be hasted, slowed, berserked, paralysed or teleported.
You can dig through walls and to a lower floor.
You have a pair of large antennae on your head. (SInv)
Your four strong arms can wield two-handed weapons with a shield.


Message History

The liquid fire burns you! The scorpion stings you.
The scorpion stings you but does no damage.
You closely miss the scorpion.
The scorpion is almost dead.
The liquid fire burns you! The scorpion stings you.
The bombardier beetle sprays incendiary fluid at you.
The burning spray hits you.
You are even more covered in liquid fire!
The scorpion stings you but does no damage.
You shake off some of the fire as you move.
The liquid fire burns you! You block the scorpion's attack.
You hit the scorpion.
You kill the scorpion!
You hit the bombardier beetle. The liquid fire burns you!
* * * LOW HITPOINT WARNING * * *
The bombardier beetle bites you but does no damage.
Your Axes skill increases to level 4!
You have reached level 6!
Okay, then.
Okay, then.
Number of times to repeat, then command key: You must enter the number of times for the command to repeat.
You closely miss the bombardier beetle.
The bombardier beetle is moderately wounded.
The liquid fire burns you!
* * * LOW HITPOINT WARNING * * *
Unknown command.
You hit the bombardier beetle.
The bombardier beetle is heavily wounded.
The liquid fire burns you!
* * * LOW HITPOINT WARNING * * *
You block the bombardier beetle's attack.
You hit the bombardier beetle but do no damage.
The bombardier beetle is heavily wounded.
The liquid fire burns you!
You die...

###........# .
#........... #.
#...........
.#.#...........
#.#.....<.... ....
#...(.....
.......###..
#....†B#
#.....##⌠##. {
#...@.##
#....##...##
#..#....#
#...##..!..# #
#....###...+W..♣..⌠
#..#.......##..?..#
##.#........##...##
#...........##⌠##.
#.#..........###..
#..#...............
#...................


You could see a bombardier beetle.

Vanquished Creatures
  A scorpion (D:4)
  An orc priest (D:3)
  Jessica (D:2)
  A sleepcap (D:4)
  3 adders (D:2)
  4 dart slugs
  6 orcs
  3 bats (D:1)
  2 endoplasms (D:3)
  3 giant cockroaches
  4 hobgoblins
  4 jackals (D:4)
  4 quokkas
  7 ball pythons
  3 frilled lizards
  4 goblins
  8 kobolds
  5 rats
64 creatures vanquished.

Notes
Turn   | Place    | Note
-------+----------+-------------------------------------------
     0 | D:1      | pokedragonboy the Formicid Fighter began the quest for the
                  | Orb.
     0 | D:1      | Reached XP level 1. HP: 18/18 MP: 1/1
    93 | D:1      | Reached XP level 2. HP: 21/24 MP: 2/2
   351 | D:1      | Reached skill level 1 in Invocations
   517 | D:1      | Reached XP level 3. HP: 29/29 MP: 3/3
   909 | D:2      | Noticed Jessica
   921 | D:2      | Killed Jessica
   922 | D:2      | Reached XP level 4. HP: 35/37 MP: 3/5
   963 | D:2      | Found Voqevuont's Antique Weapon Emporium.
  1748 | D:3      | Found a basalt altar of Yredelemnul.
  1771 | D:3      | Reached XP level 5. HP: 30/42 MP: 6/6
  1867 | D:3      | Found a burning altar of Makhleb.
  2798 | D:4      | Noticed DeathSocks's ghost (novice VSDe)
  2804 | D:4      | Found a runed translucent door.
  2836 | D:4      | Reached XP level 6. HP: 12/49 MP: 6/8
  2837 | D:4      | HP: 1/49 [burnt (7)]
  2838 | D:4      | Incinerated by a bombardier beetle

Illustrated notes

Levels and vault maps discovered:
D:1:      erik_arrival_triangle_small, layout_basic
D:2:      layout_loops_ring, serial_shops, nicolae_shop_just_a_little_nook,
          uniq_jessica
D:3:      layout_basic, mainiacjoe_overflow_24_doors, yredelemnul_altar_generic
D:4:      minmay_inner_zag, layout_cave_pools, mainiacjoe_overflow_brackets,
          mainiacjoe_overflow_alcove_2, hellmonk_ghost_happy_afterlife,
          minmay_cupped, uniq_pikel

Skill      XL: |  1  2  3  4  5 |
---------------+----------------+-----
Invocations    | 1 2 |  2.7
Axes           | 3 4 |  4.1
Fighting       | 4 |  4.4
Armour         | 4 |  4.3
Shields        | |  4.0

Action                     |  1- 3 |  4- 6 || total
---------------------------+-------+-------++-------
  Melee: War axe           |    61 |   126 ||   187
    Use: Scroll            |       |     5 ||     5
 Armour: Scale mail        |    63 |   107 ||   170
  Dodge: Dodged            |    23 |    57 ||    80
  Block: Buckler           |     7 |    32 ||    39

Table legend: (Time is in decaauts)
 A = Elapsed time spent in this place.
 B = Non-inter-level travel time spent in this place.
 C = Inter-level travel time spent in this place.
 D = Time resting spent in this place.
 E = Time spent auto-exploring this place.
 F = Levels seen in this place.
 G = Mean time per level.
                   A        B        C        D        E       F      G
               +--------+--------+--------+--------+--------+-----+--------+
         Total |   2906 |   2839 |     67 |    113 |   2234 |   4 |  726.5 |
       Dungeon |   2906 |   2839 |     67 |    113 |   2234 |   4 |  726.5 |
               +--------+--------+--------+--------+--------+-----+--------+

Top non-repeatable levels by time:
     D:3: 1053 daAuts
     D:2: 846 daAuts
     D:1: 828 daAuts
     D:4: 178 daAuts
